 Dungeon Crawl Stone Soup version 0.24-a0-458-gfcb5e6da0e (webtiles) character file.

Game seed: 4132556758627391711

245 drasked the Conjurer (level 5, -7/28 HPs)
             Began as a Deep Elf Fire Elementalist on June 26, 2019.
             Hit by a boomerang thrown by an orc (9 damage)
             ... on level 3 of the Dungeon.
             The game lasted 00:10:12 (2662 turns).

drasked the Conjurer (Deep Elf Fire Elementalist)   Turns: 2662, Time: 00:10:12

Health: -7/28      AC:  2    Str:  5    XL:     5   Next: 84%
Magic:  2/11       EV: 13    Int: 21    God:
Gold:   114        SH:  0    Dex: 15    Spells: 0/10 levels left

rFire    . . .     SeeInvis .   f - +1 dagger (protect)
rCold    . . .     Gourm    .   (no shield)
rNeg     . . .     Faith    .   a - +0 robe
rPois    .         Spirit   .   (no helmet)
rElec    .         Reflect  .   (no cloak)
rCorr    .         Harm     .   (no gloves)
MR       .....                  (no boots)
Stlth    ++........             (no amulet)
HPRegen  0.09/turn              (no ring)
MPRegen  0.12/turn              (no ring)

@: very slightly contaminated
A: no striking features
a: no special abilities


You were on level 3 of the Dungeon.
You were not hungry.

You visited 1 branch of the dungeon, and saw 3 of its levels.

You collected 114 gold pieces.

Inventory:

Hand Weapons
 f - a +1 dagger of protection (weapon)
   (You took it off a kobold on level 1 of the Dungeon)
Missiles
 Q - 61 stones (quivered)
Armour
 a - a +0 robe (worn)
 h - a +0 pair of gloves
   (You found it on level 2 of the Dungeon)
Scrolls
 c - 3 scrolls of identify {unknown}
 k - a scroll of immolation {unknown}
Potions
 d - 2 potions of curing {unknown}
 g - a potion of lignification {unknown}
 i - a potion of agility {unknown}
 j - a potion of resistance {unknown}
 l - a potion of invisibility {unknown}
Comestibles
 e - 4 rations


   Skills:
 - Level 2.4 Dodging
 - Level 2.4 Stealth
 - Level 3.0 Spellcasting
 * Level 5.3 Conjurations
 + Level 4.9 Fire Magic


You couldn't memorise any spells.
You knew the following spells:

 Your Spells              Type           Power        Failure   Level  Hunger
a - Flame Tongue          Conj/Fire      ###..        1%          1    None
c - Conjure Flame         Conj/Fire      ###.....     4%          3    ###....
s - Sticky Flame          Conj/Fire      ###.....     16%         4    ####...
x - Throw Flame           Conj/Fire      ###...       2%          2    ##.....

Your spell library contained the following spells:

 Spells                   Type           Power        Failure   Level  Hunger
 Inner Flame              Hex/Fire       ##......     14%         3    ###....
 Fireball                 Conj/Fire      ###.......   41%         5    ######.


Dungeon Overview and Level Annotations

Branches:
Dungeon (3/15)

Altars:
Uskayaw


Message History

Aim: a rat (hasn't noticed you)
The flame tongue misses the rat.
You now have 10/11 mp.
Aim: a rat The flame tongue hits the rat.
You kill the rat!
You now have 9/11 mp.
You start resting.
MP restored: 11 You start resting.
Health restored: 28 You see here an adder skeleton.
Q - 61 stones (gained 12)
You butcher the leopard gecko corpse.
b - 4 chunks of flesh {@w0} (gained 1)
You butcher the goblin corpse.
b - 6 chunks of flesh {@w0} (gained 2)
Items here: ) ÷÷÷ a +0 rapier; a leopard gecko skeleton; a goblin skeleton; an adder skeleton
Items here: ) ÷÷÷ a +0 rapier; a leopard gecko skeleton; a goblin skeleton; an adder skeleton
Found a hide-covered altar of Uskayaw.
k - a scroll labeled ROEF QURAESMEY
e - 4 rations (gained 1)
l - a golden potion You open the door.
There is an open door here.
Some of the chunks of flesh in your inventory have rotted away.
All of the chunks of flesh in your inventory have rotted away.
Found a stone staircase leading down.
There is a stone staircase leading down here.
You see here 17 bolts.
You open the door.
There is an open door here.
c - 3 scrolls labeled LONUUFY RAPTI (gained 1)
An orc priest and an orc wizard come into view.
The orc wizard shouts!
The orc priest shouts!
You hear a shout! x2
Aim: an orc wizard, wielding a +0 dagger and wearing a +0 robe The flame tongue hits the orc wizard.
You now have 10/11 mp.
Aim: an orc wizard, wielding a +0 dagger and wearing a +0 robe (moderately wounded)
The flame tongue hits the orc wizard!
The orc priest calls upon Beogh to heal the orc wizard.
The orc wizard is healed somewhat.
An orc comes into view. It is wielding a +0 dagger.
You now have 9/11 mp.
Aim: an orc wizard, wielding a +0 dagger and wearing a +0 robe (heavily wounded)
The flame tongue hits the orc wizard!
You kill the orc wizard!
The orc shouts!
You now have 8/11 mp.
Aim: an orc priest, wielding a +0 flail The flame tongue hits the orc priest.
An orc wizard comes into view. It is wielding a +0 war axe.
The orc priest invokes the aid of Beogh against you.
Pain shoots through your body!
You take 8 damage, and have 20/28 hp.
MASSIVE DAMAGE!!
You now have 7/11 mp.
Aim: an orc priest, wielding a +0 flail (lightly wounded)
The flame tongue hits the orc priest!
The orc priest calls down the wrath of Beogh upon you.
Beogh smites you!
* * * LOW HITPOINT WARNING * * *
You take 8 damage, and have 12/28 hp.
MASSIVE DAMAGE!!
You now have 6/11 mp.
Aim: an orc priest, wielding a +0 flail (severely wounded)
The flame tongue misses the orc priest.
The flame tongue hits the orc wizard.
You now have 5/11 mp.
Aim: an orc priest, wielding a +0 flail (severely wounded)
The flame tongue hits the orc priest.
You kill the orc priest!
Your Conjurations skill increases to level 5!
You now have 4/11 mp.
The orc throws a boomerang.
The boomerang hits you!
* * * LOW HITPOINT WARNING * * *
The weapon returns to the orc!
You take 8 damage, and have 4/28 hp.
MASSIVE DAMAGE!!
Aim: an orc wizard, wielding a +0 war axe and wearing a +0 robe (lightly wounded)
The flame tongue hits the orc wizard!
You now have 4/11 mp.
Aim: an orc wizard, wielding a +0 war axe and wearing a +0 robe (almost dead)
You miscast Flame Tongue.
You are very lightly contaminated with residual magic.
You hear a sizzling sound.
* * * LOW MAGIC WARNING * * *
You now have 3/11 mp.
Aim: an orc wizard, wielding a +0 war axe and wearing a +0 robe (almost dead)
The flame tongue hits the orc wizard.
You kill the orc wizard!
* * * LOW MAGIC WARNING * * *
The orc throws a boomerang.
The boomerang hits you.
* * * LOW HITPOINT WARNING * * *
The weapon returns to the orc!
An orc comes into view. It is wielding a +0 trident.
You take 2 damage, and have 2/28 hp.
You now have 2/11 mp.
The orc throws a boomerang.
The boomerang hits you!
You die...

#..... ...#
##.....#.o.
..........
#......o
#.....o#
##.### #....#
#. #....#
..#### #.
#.@..# ......
#.## #....#
......# ..#
#....#
......####.##
#....#
............#
##'###
............##
#.#
.............#
#(#
...........#)#
#.#
...........#÷#
#.#


You could see 2 orcs.

Levels and vault maps discovered:
D:1:      giann_bridges, layout_rooms, kennysheep_minor_cross
D:2:      layout_loops_ring
D:3:      layout_basic, eat_drink_and_be_merry_uskayaw, gammafunk_ghost_grave,
          dk_xom_monty_hall

Notes
Turn   | Place    | Note
-------+----------+-------------------------------------------
     0 | D:1      | drasked the Deep Elf Fire Elementalist began the quest for
                  | the Orb.
     0 | D:1      | Reached XP level 1. HP: 10/10 MP: 6/6
   139 | D:1      | Identified a +0 hand axe (You found it on level 1 of the
                  | Dungeon)
   143 | D:1      | Reached skill level 2 in Conjurations
   143 | D:1      | Reached XP level 2. HP: 12/15 MP: 1/8
   420 | D:1      | Identified a +1 dagger of protection
   936 | D:2      | Identified a cursed +0 short sword
   983 | D:2      | Reached XP level 3. HP: 19/19 MP: 7/9
  1031 | D:2      | Identified a +0 club
  1042 | D:2      | Reached skill level 3 in Conjurations
  1143 | D:2      | Reached skill level 4 in Fire Magic
  1538 | D:2      | Reached XP level 4. HP: 24/24 MP: 5/10
  1548 | D:2      | Learned a level 2 spell: Throw Flame
  1552 | D:2      | Learned a level 3 spell: Conjure Flame
  1730 | D:2      | Reached skill level 4 in Conjurations
  2035 | D:2      | Identified a +0 club
  2041 | D:2      | Reached XP level 5. HP: 28/28 MP: 7/11
  2120 | D:2      | Learned a level 4 spell: Sticky Flame
  2142 | D:3      | Identified a +0 dagger
  2350 | D:3      | Identified a +0 rapier
  2528 | D:3      | Found a hide-covered altar of Uskayaw.
  2649 | D:3      | Identified a +0 flail
  2649 | D:3      | Identified a +0 dagger
  2649 | D:3      | Identified a +0 robe
  2651 | D:3      | Identified a +0 dagger
  2651 | D:3      | Identified a +0 ring mail
  2653 | D:3      | Identified a +0 war axe
  2653 | D:3      | Identified a +0 robe
  2656 | D:3      | Identified a +1 dagger of protection
  2656 | D:3      | Reached skill level 5 in Conjurations
  2657 | D:3      | HP: 4/28 [orc/boomerang (8)]
  2660 | D:3      | Identified a +0 trident
  2662 | D:3      | Hit by a boomerang thrown by an orc

Table legend:
 A = Turns spent in this place as a percentage of turns spent in the entire game.
 B = Non-inter-level travel turns spent in this place as a percentage of non-inter-level travel turns spent in the entire game.
 C = Inter-level travel turns spent in this place as a percentage of turns spent in this place.
 D = Turns resting spent in this place as a percentage of non-inter-level travel turns spent in this place.
 E = Turns spent auto-exploring this place as a percentage of non-inter-level travel turns spent in this place.
 F = Non-inter-level travel turns spent in this place divided by the number of levels of this place that you've seen.
                   A       B       C       D       E      F
               +-------+-------+-------+-------+-------+----------------------
         Total | 100.0 | 100.0 |   1.7 |  40.4 |  44.5 | 872.3
       Dungeon | 100.0 | 100.0 |   1.7 |  40.4 |  44.5 | 872.3
               +-------+-------+-------+-------+-------+----------------------

Table legend:
 A = Kills in this place as a percentage of kills in entire the game.
 B = Kills by you in this place as a percentage of kills by you in the entire game.
 C = Kills by friends in this place as a percentage of kills by friends in the entire game.
 D = Other kills in this place as a percentage of other kills in the entire game.
 E = Experience gained in this place as a percentage of experience gained in the entire game.
 F = Experience gained in this place divided by the number of levels of this place that you have seen.
                   A       B       C       D       E      F
               +-------+-------+-------+-------+-------+----------------------
         Total | 100.0 | 100.0 |   N/A |   N/A | 100.0 | 117.0
       Dungeon | 100.0 | 100.0 |   N/A |   N/A | 100.0 | 117.0
               +-------+-------+-------+-------+-------+----------------------

Skill      XL: |  1  2  3  4  5 |
---------------+----------------+-----
Conjurations   | 2 3 4 5 |  5.3
Fire Magic     | 4 |  4.9
Dodging        | |  2.4
Stealth        | |  2.4
Spellcasting   | |  3.0

Action                   |  1- 3 |  4- 6 || total
-------------------------+-------+-------++-------
Melee: Unarmed           |     7 |       ||     7
       Hand axe          |     2 |       ||     2
       Dagger            |     3 |       ||     3
Throw: Stone             |    58 |    12 ||    70
 Cast: Flame Tongue      |    56 |    57 ||   113
 Stab: Sleeping          |     1 |       ||     1
  Eat: Chunk             |     2 |     3 ||     5
Armor: Robe              |     8 |     3 ||    11
Dodge: Dodged            |    44 |    14 ||    58

Vanquished Creatures
  An orc priest (D:3)
  2 orc wizards (D:3)
  A worker ant (D:2)
  9 adders
  A dart slug (D:2)
  5 leopard geckos
  A ball python (D:1)
  4 giant cockroaches
  4 goblins
  7 hobgoblins
  2 jackals (D:1)
  8 bats
  4 frilled lizards
  4 kobolds
  6 rats
59 creatures vanquished.
